[Event "4NCL Div 2 2024-25"]
[Site "England"]
[Date "2025.01.25"]
[Round "3.26"]
[White "Gallagher, Daniel GH"]
[Black "Blackburn, Jonathan L B"]
[Result "1/2-1/2"]
[Annotator "TA"]
[ECO "C07"]
[WhiteElo "2203"]
[BlackElo "2197"]
[PlyCount "120"]
[EventDate "2024.11.23"]
[EventType "team-tourn"]
[EventCountry "ENG"]
[SourceTitle "playchess.com"]
[Source "ChessBase"]
[SourceQuality "1"]
[TimeControl "40/6000+30:3000+30"]

1. e4 e6 2. d4 d5 3. Nd2 c5 4. Ngf3 cxd4 5. Nxd4 Ne7 6. exd5 Nxd5 7. Ne4 {[%emt 0:00:12] C07: French Tarrasch: 3...c5, 4 Ngf3 and 4 exd5 Qxd5.} Be7 8. Bb5+ (8. Bc4 O-O 9. O-O Nc6 10. Nxc6 bxc6 11. Re1) 8... Bd7 9. Qg4 $1 {[%emt 0:00:09][%mdl 4] is currently scoring better than 9.0-0.} O-O $146 (9... Bxb5 10. Qxg7 (10. Nxb5 Qa5+ 11. Nbc3 g6 $11) 10... Rf8 11. Nxb5 Qa5+ 12. Nec3 $16) (9... g6 {simplifies} 10. Qe2 Qb6 11. Bxd7+ Nxd7 12. Nf3 O-O) (9... g6 10. Qe2 Bxb5 11. Qxb5+ Qd7 12. Bh6 Qxb5 13. Nxb5 Na6 14. O-O-O b6 15. c4 Nf6 {1-0 Nepomniachtchi,I (2779)-Shimanov,A (2581) Aimchess Play In op rapid 2023 (4)}) 10. Bh6 (10. Bxd7 $5 Nf6 11. Nxf6+ Bxf6 12. Bb5 Qxd4 13. Qxd4 Bxd4 14. c3 $14) 10... Bf6 11. O-O-O Be5 (11... Nc6 $11) 12. Bxd7 (12. f4 $1 $14 Ne3 13. Qh3 Bxd4 14. Rxd4) 12... Qxd7 (12... Nxd7 $15 13. f4 (13. Nxe6 Qb6 $17) 13... Ne3) 13. Nf3 $14 Qc7 (13... f5 $11 {remains equal.} 14. Nxe5 fxg4 15. Nxd7 Nxd7) 14. Nxe5 $16 {[%emt 0:09:54] A sharp opening} Qxe5 15. f4 f5 $1 16. Qg3 {[%emt 0:04:13] Chess con chili.} Qc7 {[%emt 0:00:48] [#]} 17. Nc5 Rf6 (17... Qxc5 18. Qxg7#) 18. Bg5 {[%emt 0:06:23][%cal Bh6g5,Bg5f6,Bf6e5][%mdl 32] White has more active pieces. The black rooks are passive.} (18. Rhe1 {feels hotter.} Rxh6 19. Nxe6 Rxe6 20. Rxe6 Ne7 21. Red6) 18... Qxc5 19. Rxd5 exd5 20. Bxf6 Qf8 21. Be5 Nc6 22. Qb3 Qf7 23. Re1 {[%emt 0:00:44] Black is weak on the dark squares} Rd8 24. a3 Re8 25. Qd3 Re7 26. Kb1 a6 27. Qc3 Qg6 28. g3 Qh5 29. Qd3 Qf7 30. Re2 h6 31. Re1 Re8 32. Re2 Re7 33. Re1 Re8 34. Re3 Re7 35. Ka1 Re8 36. Re2 Re7 37. Re3 Re8 38. Re1 Re7 39. Re2 Re8 40. Re3 Re7 41. Kb1 Re8 42. Bd6 {[%emt 0:02:08] And now Rxe8+ would win.} Re4 43. Bc5 Qe6 44. Qd2 Kf7 45. b3 d4 46. Rxe4 fxe4 47. Bxd4 Nxd4 48. Qxd4 $11 {[%emt 0:00:05][%mdl 4096] Endgame KQ-KQ. White is a pawn up.} e3 49. Qd1 (49. f5 $1 $11 {and White is okay.} Qe8 50. Qc4+ Kf6 51. Qh4+ Kxf5 52. Qh3+ (52. Qf4+ Kg6 $15) 52... Ke5 53. Qf1) 49... e2 $19 50. Qe1 Qe3 51. c3 Kf6 52. g4 Qf3 (52... Qxf4 53. Qxe2 Qe5 54. Qf3+ Ke6 55. a4 $16 (55. Qxb7 Qe1+ 56. Kc2 Qe2+ 57. Kb1 Qd3+ 58. Ka2 Qc2+ 59. Ka1 Qxc3+ 60. Kb1 Qd3+ 61. Ka2 Qc2+ 62. Ka1 Qc1+ 63. Ka2 Qd2+ 64. Kb1 Qd3+ 65. Ka2 Qe2+ 66. Kb1 Qd3+ $11)) 53. Kc2 Qxg4 (53... Qxf4 54. Qxe2 g6 55. h4 $14) 54. Qf2 $2 {[%emt 0:01:21] [#]} (54. b4 {was worth a try.}) 54... Qf3 $1 55. Qd4+ {[%emt 0:01:23] [#]} (55. Qxf3 $2 e1=N+ (55... e1=R $2 56. Qxb7 Re2+ 57. Kd3 $18) 56. Kb2 Nxf3 $19) 55... Kf5 $1 56. Qe5+ Kg6 $2 ({Better is} 56... Kg4 $19 {and ...Qf2 should not be overlooked} 57. Qxg7+ Kh3 (57... Kxf4 58. Qxh6+ Ke5 59. Qh8+ Ke6 60. Qe8+ Kd6 61. Qg6+ Kc7 62. Qg7+ Kc6 63. Qh6+ Kd7 64. Kd2 $11)) 57. Kd2 {[%emt 0:00:12] The position is equal.} Kh7 58. Qf5+ Kh8 59. Qf8+ Kh7 60. Qf5+ Kh8 {[%emt 0:00:02] Weighted Error Value: White=0.26 (precise) /Black=0.20 (precise)   Loses game:     	White=1     	---        Missed win:     	---       	Black=1      Mistake:       	White=2     	Black=3      Inaccurate:     	White=8     	Black=7      OK:         	White=17    	Black=14     Best:        	White=4     	Black=4      Strong:       	---       	Black=2      Brilliant:      	White=1     	Black=1} 1/2-1/2

[Event "4NCL Div 2 2024-25"]
[Site "England"]
[Date "2025.01.25"]
[Round "3.27"]
[White "Jones, Steven A"]
[Black "Goh, Jinghan Cameron"]
[Result "1-0"]
[Annotator "TA"]
[ECO "B43"]
[WhiteElo "2175"]
[BlackElo "2017"]
[PlyCount "69"]
[EventDate "2024.11.23"]
[EventType "team-tourn"]
[EventCountry "ENG"]
[SourceTitle "playchess.com"]
[Source "ChessBase"]
[SourceQuality "1"]
[TimeControl "40/6000+30:3000+30"]

1. e4 c5 2. Nf3 e6 3. d4 cxd4 4. Nxd4 a6 5. Nc3 b5 6. Bd3 Bb7 {[%emt 0:00:54] outshines the older 6...Qb6.} 7. O-O Qc7 8. Qe2 Bd6 {[%emt 0:14:03] B43: Sicilian: Kan Variation: 5 Nc3.} 9. Kh1 Nc6 10. Nxc6 Bxc6 $146 {[%emt 0:08:04] The position is equal.} (10... dxc6 11. a4 Nf6 12. f4 e5 13. f5 h6 14. Be3 O-O 15. Rf3 Rfe8 16. Rg3 Kh7 {0-1 Mora Moron,J (2161)-Zuluaga Mancilla,C (2230) Bogota El Tablazo op-A 2022 (3)}) 11. f4 (11. a4 $5) 11... b4 {[%emt 0:06:47] [#]} 12. Nd5 Qb7 (12... Bxd5 13. exd5) 13. Ne3 (13. f5 $16) 13... Be7 (13... Bc7 $14) 14. Nc4 $1 $16 Qc7 15. e5 g6 16. a3 a5 {[%emt 0:09:20][%cal Ba6a5,Ba5b4][%mdl 32] [#]} 17. f5 exf5 ({Black should try} 17... gxf5 $14 18. Bf4 h5) 18. Bf4 (18. axb4 $1 axb4 19. Be3) 18... Qb7 (18... Qd8 $16) 19. axb4 $1 $18 axb4 {[%emt 0:03:06][%csl Ob4,Od7,Of7] Black has weak pawns} 20. Nd6+ (20. Na5 $18 Rxa5 21. Rxa5) 20... Bxd6 $16 21. exd6+ Kf8 {[%emt 0:01:09] Black is weak on the dark squares} 22. Rxa8+ $1 Qxa8 {[%emt 0:00:08] [#]} 23. Be5 ({White should play} 23. Bd2 $1 $16) 23... f6 $14 24. Bd4 {[%emt 0:00:07][%mdl 1024] White has compensation.} h5 25. Re1 Rh7 26. b3 (26. Kg1 $14) 26... Bd5 (26... h4 $11) 27. Bc5 {[%emt 0:01:37] White has more active pieces.} (27. h3 $16) 27... h4 $11 28. h3 $1 $36 {[%emt 0:00:20][%mdl 2048] White has some pressure.} (28. Bxb4 $2 h3 29. Qf2 hxg2+ 30. Kg1 Nh6 $19) 28... Rh5 $1 29. Bc4 Be4 30. Be3 {[%emt 0:01:46] Wards off Rg5. This pair of bishops is nice.} (30. Bxb4 $2 Rg5 31. Rg1 Rg3 $19) 30... Nh6 31. Bd2 Nf7 32. Qf2 (32. Bxb4 $2 {loses.} Rg5 33. Bxf7 Rxg2 $19 (33... Kxf7 $2 34. Rg1 $19) (33... Bxg2+ $2 34. Kh2 $19)) (32. Bd3 $1 $11) 32... Ng5 (32... Kg7 $17 {Threatens to win with ...Ne5.} 33. Be2 (33. Bxb4 Rg5 $17) 33... Rh8 34. Bxb4 Rc8) 33. Kh2 {[%emt 0:00:33] and Be2 should not be overlooked} (33. Be2 $5) 33... Qa5 $2 {[%emt 0:00:28][%mdl 8192] [#]} (33... Kg7 $11) 34. Bxg5 $1 $18 {[%emt 0:00:42][%cal Oe1e4] Threatening mate with Rxe4!.} Rxg5 {[%emt 0:00:16] [#]} 35. Rxe4 $1 {[%emt 0:00:05][%mdl 512] Weighted Error Value: White=0.27 (precise) /Black=0.68  Loses game:     	---       	Black=1      Mistake:       	White=8     	Black=5      Inaccurate:     	White=2     	Black=5      OK:         	White=5     	Black=6      Best:        	---       	Black=4      Strong:       	White=4     	Black=1} 1-0

[Event "4NCL Div 2 2024-25"]
[Site "England"]
[Date "2025.01.25"]
[Round "3.28"]
[White "Mihalik, Agoston"]
[Black "Saunders, Aron"]
[Result "1-0"]
[Annotator "TA"]
[ECO "B11"]
[WhiteElo "2133"]
[BlackElo "2106"]
[PlyCount "81"]
[EventDate "2024.11.23"]
[EventType "team-tourn"]
[EventCountry "ENG"]
[SourceTitle "playchess.com"]
[Source "ChessBase"]
[SourceQuality "1"]
[TimeControl "40/6000+30:3000+30"]

1. e4 c6 2. Nc3 d5 3. Nf3 Bg4 4. h3 Bxf3 5. Qxf3 e6 6. Be2 Bc5 {[%emt 0:00:06] B11: Caro-Kann: Two Knights Variation.} 7. O-O Nd7 8. Qg3 Bd4 {[%emt 0:03:06] The position is equal.} 9. d3 Ne7 10. Kh1 O-O 11. f4 Qc7 $146 (11... f5 12. Be3 Bxe3 13. Qxe3 Qb6 14. Qxb6 axb6 15. a3 b5 16. Rae1 Nc5 17. exd5 exd5 {½-½ Czebe,A (2385)-Berkes,F (2649) HUN-ch Rapid 2022 (9)}) 12. Bf3 Rad8 13. Ne2 Bb6 14. Bd2 Nf6 (14... dxe4 $142 15. dxe4 f5) 15. Qe1 c5 16. g4 c4 (16... dxe4 $14 17. dxe4 Ne8) 17. e5 $16 cxd3 18. cxd3 (18. exf6 dxe2 19. Bxe2 gxf6 $15) 18... Ne8 19. Rc1 Qd7 20. Bb4 Be3 21. Rc2 d4 22. Bg2 (22. Be4 $14 f5 23. gxf5 exf5 24. Bg2) 22... f6 23. Ng3 fxe5 24. fxe5 Nc7 25. Bd6 (25. Bxb7 Rxf1+ 26. Nxf1 (26. Qxf1 Ncd5 $11) 26... Ncd5 27. Bxe7 Nxe7 $11) 25... Rxf1+ 26. Nxf1 Ncd5 27. Nxe3 (27. Bxe7 Nxe7 28. Nxe3 dxe3 29. Qxe3 Qxd3 30. Qxd3 Rxd3 31. Rc7) 27... dxe3 28. Be4 (28. Bxe7 Nxe7 29. Qxe3 Qxd3 30. Qxd3 Rxd3 31. Rc7) 28... Rc8 29. Rxc8+ (29. Rc4 {with more complications.} Re8 30. Kg1 Ng6 31. Bxd5 exd5 32. Rc7) 29... Nxc8 (29... Qxc8 $11 30. Bxe7 Nxe7) 30. Bc5 {[%emt 0:00:49] White is more active. This pair of bishops is nice.} (30. Bxd5 $16 exd5 31. Qxe3) 30... b6 $11 31. Bxe3 Nce7 32. Bd2 Nc6 (32... Qa4 $11) 33. Qh4 $16 g6 34. Qg5 (34. Qg3 {simplifies} Qe7 35. Bxd5 exd5 36. Bf4) 34... Qf7 (34... Nce7 $1 $14) 35. Kg2 $36 {[%emt 0:00:32][%mdl 2048] Black is under strong pressure.} Ncb4 $2 (35... Qc7 $16) 36. a3 $2 (36. Qd8+ $18 Kg7 37. Qd6) 36... Nc2 $2 {[%emt 0:00:24][%mdl 8192] This costs Black the game.} (36... Nc6 $16 37. h4 Qe7 38. Qxe7 Ncxe7) 37. h4 {[%emt 0:00:29][%cal Bh3h4,Bh4h5][%mdl 32] [#]} Nd4 38. h5 {[%emt 0:00:29][%cal Oe4d5] and Bxd5! would now be decisive} Ne2 $2 (38... Nc6 $18 39. b4 (39. hxg6 hxg6 40. Bxg6 Qg7 $18) 39... a6 40. hxg6 hxg6 41. Bxg6 Qg7) 39. Bxd5 {[%emt 0:00:57] White mates.} ({Weaker is} 39. hxg6 Nef4+ 40. Kf1 Nxg6+ 41. Ke1 Kf8 42. Qd8+ Qe8 43. Qxe8+ Kxe8 $18) 39... exd5 40. Qd8+ Qf8 41. Qxd5+ {[%emt 0:50:35] Weighted Error Value: White=0.37/Black=0.64  Loses game:     	---       	Black=2      Missed win:     	White=1     	---        Mistake:       	White=2     	Black=6      Inaccurate:     	White=5     	Black=2      OK:         	White=6     	Black=14     Best:        	White=3     	---} 1-0

[Event "4NCL Div 2 2024-25"]
[Site "England"]
[Date "2025.01.25"]
[Round "3.29"]
[White "Turner, Lewis A"]
[Black "Sivanandan, Bodhana"]
[Result "0-1"]
[Annotator "TA"]
[ECO "C43"]
[WhiteElo "1984"]
[BlackElo "2082"]
[PlyCount "116"]
[EventDate "2024.11.23"]
[EventType "team-tourn"]
[EventCountry "ENG"]
[SourceTitle "playchess.com"]
[Source "ChessBase"]
[SourceQuality "1"]
[TimeControl "40/6000+30:3000+30"]

1. e4 e5 2. Nf3 Nf6 3. d4 Nxe4 4. Bd3 d5 5. Nxe5 Nd7 6. Nxd7 Bxd7 7. O-O Bd6 8. Qh5 O-O 9. Qxd5 {[%emt 0:00:39] C43: Petroff Defence: 3 d4.} Bc6 {[%emt 0:01:01] Black sacrificed a pawn} 10. Qh5 Re8 11. Nc3 {[%emt 0:11:14] White is slightly better.} g6 12. Qh3 Nxc3 13. bxc3 Be4 $146 (13... h5 14. f4 f5 15. Bd2 Qf6 16. Qg3 Kh7 17. Qg5 Qg7 18. Rae1 Be7 19. Qg3 Bd5 {0-1 Navarro Cia,M (2273)-Daskalov,D (2310) BCF-chT1a 1718 (4NCL) 2017 (7.45)}) 14. c4 Qf6 15. c5 (15. Be3 $14) 15... Bxc5 $11 (15... Qxd4 $2 16. Be3 Qa4 17. Bxe4 (17. cxd6 cxd6 18. Rfd1 Bxd3 $18) 17... Rxe4 18. cxd6 $18) 16. c3 {[%emt 0:04:30] Bxe4 would now be deadly.} Bd6 17. Bb2 (17. a4 $11) 17... Qf4 {[%emt 0:02:05] Black has more active pieces.} 18. Bxe4 Rxe4 19. Bc1 Qf6 20. Qd3 Rae8 21. Be3 Qh4 $40 {[%emt 0:01:34][%csl Gd6][%cal Rh4h2][%mdl 128] Black attacks Black mounts an attack.} (21... Bf4 {simplifies} 22. Bxf4 Qxf4 23. g3 Qd6) 22. g3 $2 (22. h3 $15) 22... Qh3 $19 23. Bg5 {[%emt 0:00:00] Prevents Rh4.} (23. Qd2 $142) 23... h6 $1 24. Bf6 R4e6 $2 (24... Rf4 $19 25. Qb5 c6 (25... Rxf6 $2 26. Qxe8+ Kg7 27. Rab1 $18) 26. Qxb7 Rxf6 27. Qxc6 Rc8) 25. Qf3 $17 Qf5 26. Qxf5 gxf5 27. Be5 Bxe5 28. dxe5 Rxe5 {[%emt 0:00:10][%mdl 4096] Endgame KRR-KRR. Black is a pawn up.} 29. Rab1 b6 30. Rfd1 Rc5 31. Rd3 {[%emt 0:00:00] [#]} (31. Rbc1 $17 {is a better defense.}) 31... f4 32. Rb4 fxg3 33. hxg3 h5 34. Kf1 Re7 35. g4 Kg7 36. gxh5 Rxh5 37. Rc4 c5 38. a4 a5 39. Rf4 Rhe5 40. Rg3+ Kf8 41. Rd3 Ke8 42. Rh4 ({Better is} 42. Kg2) 42... Rd7 (42... Re1+ $142 43. Kg2 R7e6 44. Rh8+ Ke7) 43. Rg3 (43. Re3 $17 Rxe3 44. fxe3) 43... Ke7 $19 44. Rh6 Re6 (44... Rd1+ $19 {and Black stays clearly on top.} 45. Kg2 Re6) 45. Rh4 (45. Rxe6+ $17 Kxe6 46. Ke2) 45... Rd2 46. Rf4 Rd1+ 47. Kg2 Rg6 48. Re4+ {[%emt 0:00:00] [#]} Kf6 $1 49. Rxg6+ fxg6 {[%emt 0:00:00] KR-KR. Black is a pawn up.} 50. Re8 {[%emt 0:00:00] [#]} Rd6 (50... Rb1 $1 $19 51. Kf3 Rb3) 51. Re3 (51. f3 $17) 51... Kf5 52. Kf3 $2 (52. Rf3+ Ke5 53. Rg3) 52... c4 53. Re8 Rd3+ 54. Ke2 Rxc3 55. Rc8 Ke4 56. Rc6 (56. Kd2 $142 Rd3+ 57. Kc2) 56... Rc2+ 57. Kd1 Rxf2 {[%emt 0:00:00] and ...Kd3 would now be decisive} 58. Rxc4+ Ke5 {[%emt 0:29:19] Weighted Error Value: White=0.51/Black=0.17 (very precise)   Loses game:     	White=1     	---        Missed win:     	---       	Black=1      Mistake:       	White=10    	Black=4      Inaccurate:     	White=4     	Black=2      OK:         	White=17    	Black=20     Best:        	White=3     	Black=6      Strong:       	---       	Black=2} (58... Kd3 $142 59. Ke1 Kxc4 60. Kxf2 g5 61. Kg3 Kb4 62. Kh3 g4+ (62... Kxa4 $2 63. Kg4 $19) 63. Kxg4 Kxa4 64. Kg5 Kb5 65. Kh4 Kc5 66. Kg5 a4 67. Kh4 a3 68. Kg5 a2 69. Kh5 a1=Q (69... a1=B {leads to mate.} 70. Kg4 Kc4 71. Kh4 b5 72. Kh3 b4 73. Kg4 b3 74. Kh3 b2 75. Kh2 b1=Q 76. Kg3 Qf5 77. Kg2 Qg4+ 78. Kf2 Bd4+ 79. Ke1 Kd3 80. Kf1 Qg1#) 70. Kg5 Qa4 71. Kf6 Qf4+ 72. Kg6 Kd5 73. Kg7 Ke6 74. Kg8 Qg5+ 75. Kf8 b5 76. Ke8 Qg8#) 0-1

[Event "4NCL Div 2 2024-25"]
[Site "England"]
[Date "2025.01.25"]
[Round "3.30"]
[White "Manmay Chopra"]
[Black "Taylor, William J"]
[Result "1-0"]
[Annotator "TA"]
[ECO "A05"]
[WhiteElo "2217"]
[BlackElo "1994"]
[PlyCount "81"]
[EventDate "2024.11.23"]
[EventType "team-tourn"]
[EventCountry "ENG"]
[SourceTitle "playchess.com"]
[Source "ChessBase"]
[SourceQuality "1"]
[TimeControl "40/6000+30:3000+30"]

1. Nf3 d5 2. g3 c5 3. Bg2 Nc6 4. O-O Nf6 5. d3 g6 6. Nc3 Bg7 7. e4 O-O 8. h3 {[%emt 0:02:06] A05: Réti Opening: 1 Nf3 Nf6.} e6 9. Bd2 b6 10. Re1 $146 {[%emt 0:00:30] Black has an edge.} (10. Qc1 Ba6 11. Re1 d4 12. Ne2 Qc7 13. Bh6 Rfd8 14. b3 Bb7 15. Qg5 Qe7 16. Nh2 {1-0 Petre,N (2405)-Gneiss,K (2109) AUT-chT2M 0809 2008 (4.3)}) 10... d4 11. Ne2 Bb7 12. Nh2 b5 13. b3 Qd7 14. f4 Rfd8 15. g4 c4 16. Rf1 a5 17. a3 {[%emt 0:02:34] Prevents Nb4} Ba6 18. Be1 Qc8 19. Bh4 Re8 20. Bxf6 Bxf6 21. e5 Be7 22. Ng3 Ra7 23. Ne4 Nb8 {[%emt 0:02:14] [#]} 24. f5 $1 exf5 {[%emt 0:01:22] White leaves nothing to chance now.} (24... Nd7 25. dxc4) 25. gxf5 gxf5 (25... Kh8 $16 26. e6 fxe6) 26. Ng3 (26. Qh5 $1 $18 {and the rest is easy.}) 26... Qe6 (26... Kh8 $16) 27. Nxf5 $18 (27. Rxf5 Nd7 28. Qh5 cxd3) 27... Kh8 {[%emt 0:01:00] [#]} 28. Ng4 $1 (28. Nxd4 Bc5 29. c3 Qxe5 $11 (29... Bxd4+ $2 30. cxd4 Bb7 31. Rf6 $18)) 28... cxb3 29. cxb3 Rg8 30. Nfh6 $1 {[%emt 0:01:23] A dynamic duo of knights.} (30. Nxd4 $2 {is the wrong capture.} Bc5 31. Kh1 (31. Rf4 $2 Bxd4+ 32. Kh1 Bxa1 $19) 31... Bxd4 $19) 30... Rg7 (30... Rg6) 31. Qf3 $2 (31. Rf6 Bxf6 32. exf6) 31... Bg5 32. Nf5 $36 {[%emt 0:00:02][%mdl 2048] White is in control.} Rg8 (32... Rg6 $142) 33. Nd6 ({Less strong is} 33. Nxd4 Qb6 34. Qf2 Rd7 $16) 33... Rg7 34. Rae1 {[%emt 0:09:47] Black must now prevent Qe4.} Rc7 $2 (34... Bc8 35. Kh1 (35. Nxb5 Re7 $18) 35... Na6) 35. Qa8 {[%emt 0:01:06] White is clearly winning.} Rg8 36. Bd5 Be3+ 37. Kh1 Qg6 38. Bxf7 Rxf7 39. Nxf7+ Kg7 40. Nd6 b4 41. Nxe3 {[%emt 0:55:36] Weighted Error Value: White=0.30/Black=0.98  Mistake:       	White=2     	Black=5      Inaccurate:     	White=4     	Black=8      OK:         	White=9     	Black=6      Best:        	White=3     	Black=1} 1-0

[Event "4NCL Div 2 2024-25"]
[Site "England"]
[Date "2025.01.25"]
[Round "3.31"]
[White "Pilley, Jack"]
[Black "Lee, Richard W Y"]
[Result "1/2-1/2"]
[Annotator "TA"]
[ECO "B40"]
[WhiteElo "1937"]
[BlackElo "2102"]
[PlyCount "131"]
[EventDate "2024.11.23"]
[EventType "team-tourn"]
[EventCountry "ENG"]
[SourceTitle "playchess.com"]
[Source "ChessBase"]
[SourceQuality "1"]
[TimeControl "40/6000+30:3000+30"]

1. e4 c5 2. Nf3 e6 3. g3 Nc6 4. Bg2 Nf6 5. Qe2 Qc7 6. O-O {[%emt 0:01:19] B40: Sicilian: 2...e6, Unusual lines.} Be7 {[%emt 0:02:04] is the legacy move (6...d6).} 7. c3 d6 (7... d5 $11) 8. d3 {[%emt 0:00:29] White is slightly better.} O-O 9. Na3 a6 10. Bf4 b5 $146 (10... e5 11. Bd2 Re8 12. Nh4 Be6 13. Nc2 d5 14. Nf5 Bxf5 15. exf5 h6 16. Ne3 Rad8 {½-½ Gallinnis,N (2307)-Fischdick,G (2230) BL2-West 0708 2007 (5.7)}) 11. Nc2 Bb7 12. a4 b4 13. Nd2 a5 14. Rad1 Rfd8 15. h4 Ba6 16. c4 Nd7 17. b3 Bb7 18. Be3 Bf6 19. f4 Nd4 20. Bxd4 Bxd4+ 21. Nxd4 cxd4 22. Qf2 e5 (22... Nf6 $11) 23. f5 (23. fxe5 $14 Nc5 24. e6 (24. Qxd4 $2 dxe5 25. Qf2 Rxd3 $19) 24... Nxe6 25. Nf3) 23... f6 $15 24. g4 Nc5 25. Qg3 Bc6 26. Ra1 Qe7 27. Kf2 Kf8 28. Ke2 Ke8 29. Bf3 Kd7 30. g5 Ra7 31. Rg1 Kc8 32. Qg4 Be8 33. Rg3 Rdd7 34. Bh1 Rac7 35. Kd1 Qf8 36. Kc2 Kb7 37. Bf3 Kb6 38. Bd1 Re7 39. Kb2 (39. Be2 $11 {remains equal.}) 39... Rcd7 (39... g6 $17 {Threatens to win with ...fxg5.} 40. Bc2 fxg5 41. Qxg5 h6) 40. Bc2 Kc7 41. Rag1 Kd8 42. Nf1 Kc7 43. Nh2 (43. Nd2 $11) 43... Kd8 (43... g6 $15) 44. Qf3 ({White should play} 44. Nf1 $11) 44... Rc7 (44... Rb7 $15 {might be stronger.}) 45. Bd1 Kc8 (45... fxg5 46. hxg5 Bxa4 47. bxa4 b3) 46. Qg2 Nd7 (46... fxg5 $15 47. hxg5 g6) 47. Ng4 $14 Kb7 48. Be2 Kb6 49. Nf2 Kc5 50. Bg4 Rb7 51. Bd1 Rc7 52. Ng4 Rb7 53. Qf2 {[%emt 0:00:00] Reckless King} (53. Qd2 {looks sharper.} Rc7 54. Kc2 Kc6 55. Kb1) 53... Kb6 (53... h5 $5 54. Nh2 Kb6 $14) 54. Qd2 Rc7 55. Rh1 Kc5 56. h5 fxg5 57. Qxg5 h6 58. Qh4 Rc8 59. Rhg1 Rf7 60. Qh2 Qe7 61. Nf2 Nf6 62. Ng4 Nxg4 63. Rxg4 {[%emt 0:00:17] White has an edge.} Rc7 64. Qg3 Qf8 65. Qh4 Qe7 66. Qg3 {[%emt 0:00:07] Weighted Error Value: White=0.13 (very precise) /Black=0.14 (very precise)   Mistake:       	White=4     	Black=6      Inaccurate:     	White=9     	Black=6      OK:         	White=16    	Black=14     Best:        	---       	Black=1} 1/2-1/2

[Event "4NCL Div 2 2024-25"]
[Site "England"]
[Date "2025.01.25"]
[Round "3.32"]
[White "Starley, Robert"]
[Black "Barwick, Carmel"]
[Result "1/2-1/2"]
[Annotator "NA COMBH"]
[ECO "B45"]
[WhiteElo "2036"]
[BlackElo "1895"]
[PlyCount "135"]
[EventDate "2024.11.23"]
[EventType "team-tourn"]
[EventCountry "ENG"]
[SourceTitle "playchess.com"]
[Source "ChessBase"]
[SourceQuality "1"]
[TimeControl "40/6000+30:3000+30"]

1. e4 c5 2. Nf3 e6 3. d4 cxd4 4. Nxd4 Nf6 5. Nc3 Nc6 6. Be3 Bb4 7. f3 d5 8. exd5 Nxd5 9. Nxc6 bxc6 10. Bd2 Nxc3 11. Bxc3 Bxc3+ 12. bxc3 Qa5 13. Qd4 O-O 14. Bd3 Ba6 15. Bxa6 Qxa6 16. Qd3 Qb6 17. Ke2 Rfd8 18. Qc4 Rd5 19. Rhd1 h6 20. Rab1 Qc7 21. Rxd5 exd5 22. Qh4 Qa5 23. Kd2 Qxa2 24. Rb7 Qa3 25. Qf4 Rf8 26. Qb4 Qa6 27. Rb8 Rxb8 28. Qxb8+ Kh7 29. Qc7 f6 30. Qd7 Qc4 31. g3 a5 32. Qf5+ Kg8 33. Qc8+ Kh7 34. Qf5+ Kg8 35. Qc8+ Kf7 36. Qc7+ Kg6 37. Qxa5 Qf1 38. Qc5 Qg2+ 39. Kc1 Qxh2 40. Qxc6 Qh1+ 41. Kb2 Qd1 42. Qe8+ Kh7 43. Qe3 Kg8 44. g4 Kf7 45. Qa7+ Ke6 46. Qe3+ Kf7 47. Qf4 Qe2 48. Qf5 Qb5+ 49. Kc1 Qf1+ 50. Kd2 Qf2+ 51. Kd3 Qf1+ 52. Ke3 Qe1+ 53. Kd4 Qd2+ 54. Kc5 Qxc3+ 55. Kxd5 Qa5+ 56. Ke4 Qe1+ 57. Kd4 Qd2+ 58. Kc4 Qe2+ 59. Kb4 Qe7+ 60. Ka4 Qa7+ 61. Kb5 Qb7+ 62. Kc5 Qa7+ 63. Kc4 Qc7+ 64. Kd4 Qb6+ 65. Ke4 Qb4+ 66. Ke3 Qe1+ 67. Kd3 Qd1+ 68. Ke3 1/2-1/2